 Dungeon Crawl Stone Soup version 0.10.4 character file.

414 wkrnvl the Chopper (level 5, -1/47 HPs)
             Began as a Minotaur Berserker on Oct 13, 2021.
             Was a Priest of Trog.
             Slain by kDorchaDelvin's ghost (4 damage)
             ... on Level 5 of the Dungeon.
             The game lasted 00:09:52 (3186 turns).

wkrnvl the Chopper (Minotaur Berserker)             Turns: 3186, Time: 00:09:52

HP  -1/47        AC  2     Str 23      XL: 5   Next: 92%
MP   1/1         EV 13     Int  4      God: Trog [***...]
Gold 179         SH  0     Dex  9      Spells:  0 memorised,  4 levels left

Res.Fire  : . . .   See Invis. : +   a - +0,+1 hand axe (curse) {=f}
Res.Cold  : . . .   Warding    : . . b - +0 animal skin
Life Prot.: . . .   Conserve   : .   (no shield)
Res.Acid. : . . .   Res.Corr.  : .   (helmet restricted)
Res.Poison: .       Clarity    : .   (no cloak)
Res.Elec. : .       Spirit.Shd : .   (no gloves)
Sust.Abil.: . .     Stasis     : .   (no boots)
Res.Mut.  : .       Ctrl.Telep.: .   (no amulet)
Res.Rott. : .       Levitation : .   i - ring of levitation
Saprovore : . . .   Ctrl.Flight: .   l - ring of see invisible {unknown}

@: slightly resistant to hostile enchantments, very unstealthy
A: retaliatory headbutt, horns 2
a: Burn Spellbooks, Berserk, Trog's Hand, Renounce Religion, Evoke Levitation


You were on level 5 of the Dungeon.
You worshipped Trog.
Trog was greatly pleased with you.
You were not hungry.

You visited 1 branch of the dungeon, and saw 5 of its levels.

You collected 159 gold pieces.

Inventory:

Hand weapons
 a - a cursed +0,+1 hand axe (weapon) {=f}
Armour
 b - a +0 animal skin (worn)
Magical devices
 d - a wand of frost (13)
 g - a wand of frost (18)
Comestibles
 c - a bread ration
 j - 3 meat rations
Scrolls
 h - a scroll of blinking
 m - a scroll of curse armour {unknown}
Jewellery
 i - a ring of levitation (right hand)
 k - an uncursed ring of hunger {unknown}
 l - a ring of see invisible (left hand) {unknown}
Potions
 f - a potion of curing


   Skills:
 + Level 5.4 Fighting
 + Level 5.6 Axes
 + Level 2.4 Armour
 + Level 4.8 Dodging
 + Level 0.4 Stabbing
 + Level 0.3 Traps & Doors
 + Level 0.2 Evocations


You had 4 spell levels left.
You didn't know any spells.

Dungeon Overview and Level Annotations

Branches:
Dungeon (5/27)
 Temple: D:4-7

Altars:
Kikubaaqudgha
Sif Muna
The Shining One
Xom

Annotations
D:4 wkrnvl's ghost, average MiBe
D:5 kDorchaDelvin's ghost, average FeWz


Innate Abilities, Weirdness & Mutations

You reflexively headbutt those who attack you in melee.
You have a pair of horns on your head.


Message History

The shadow imp barely misses you. You furiously retaliate!
You headbutt the shadow imp. KDorchaDelvin's ghost stares at you.
You feel cold. KDorchaDelvin's ghost hits you.
* * * LOW HITPOINT WARNING * * *
You miss kDorchaDelvin's ghost.
KDorchaDelvin's ghost is heavily damaged.
The white imp barely misses you. The shadow imp barely misses you.
KDorchaDelvin's ghost misses you.
You barely miss kDorchaDelvin's ghost.
KDorchaDelvin's ghost is heavily damaged.
The white imp hits you.
* * * LOW HITPOINT WARNING * * *
The white imp freezes you.
* * * LOW HITPOINT WARNING * * *
The shadow imp hits you.
* * * LOW HITPOINT WARNING * * *
KDorchaDelvin's ghost hits you.
You die...

# ### #. ..# ##.#########
..+ #.......$..# #
..#.#.....(....# .###
..#............### .....
..###..........5p#.......
..# #..........#@5.......
..# #..........###.......
+## #..........# ..!..
#..........# ####
#######%..## #######.###
#.....!...# #.........#
## #.........#


You could see kDorchaDelvin's ghost, a white imp and a shadow imp.

Vanquished Creatures
  2 orc priests (D:5)
  Ijyb (D:4)
  5 adders
  4 worms
  A giant gecko (D:5)
  3 oozes
  2 orcs
  9 hobgoblins
  6 jackals
  13 kobolds
  A quokka (D:2)
  13 bats
  11 giant cockroaches
  6 giant newts
  4 goblins
  8 rats
89 creatures vanquished.

Vanquished Creatures (others)
  A toadstool (D:1)
1 creature vanquished.

Grand Total: 90 creatures vanquished

Notes
Turn   | Place    | Note
--------------------------------------------------------------
     0 | D:1      | wkrnvl, the Minotaur Berserker, began the quest for the Orb.
     0 | D:1      | Reached XP level 1. HP: 19/19 MP: 0/0
   175 | D:1      | Reached XP level 2. HP: 23/26 MP: 0/0
   290 | D:1      | Reached skill level 4 in Axes
   639 | D:2      | Reached XP level 3. HP: 25/33 MP: 1/1
   688 | D:2      | Found a shimmering altar of Xom.
   844 | D:2      | Acquired Trog's second power
   982 | D:2      | Reached XP level 4. HP: 31/40 MP: 1/1
  1021 | D:2      | Reached skill level 5 in Axes
  1515 | D:3      | Found an ancient bone altar of Kikubaaqudgha.
  1646 | D:3      | Reached skill level 5 in Fighting
  1878 | D:3      | Found a glowing golden altar of the Shining One.
  2051 | D:4      | Noticed wkrnvl's ghost (average MiBe)
  2193 | D:4      | Noticed Ijyb
  2207 | D:4      | Killed Ijyb
  2207 | D:4      | Reached XP level 5. HP: 4/47 MP: 1/1
  2524 | D:5      | Entered Level 5 of the Dungeon
  2683 | D:5      | Found a deep blue altar of Sif Muna.
  2855 | D:5      | HP: 1/47 [worm (11)]
  3167 | D:5      | Noticed kDorchaDelvin's ghost (average FeWz)
  3186 | D:5      | Slain by kDorchaDelvin's ghost
